 Dungeon Crawl Stone Soup version 0.30-a0-140-gd1020e658a (webtiles) character file.

Game seed: 3288489673904116136

158 KennySheep the Sneak (level 5, -5/44 HPs)
             Began as a Naga Earth Elementalist on Sept 24, 2022.
             Slain by an orc
             ... wielding a +0 morningstar
              (10 damage)
             ... on level 3 of the Dungeon.
             The game lasted 00:08:20 (2855 turns).

KennySheep the Sneak (Naga Earth Elementalist)      Turns: 2855, Time: 00:08:20

Health: -5/44      AC:  3    Str: 10    XL:     5   Next: 40%
Magic:  1/8        EV:  9    Int: 16    God:
Gold:   121        SH:  0    Dex: 13    Spells: 2/8 levels left

rFire   . . .      SeeInvis +    b - +1 dagger (venom)
rCold   . . .      Faith    .    (no shield)
rNeg    . . .      Spirit   .    d - +0 leather armour
rPois   +          Reflect  .    (no helmet)
rElec   .          Harm     .    (no cloak)
rCorr   .          Rampage  .    (no gloves)
Will    .....                    (no barding)
Stlth   ++........               (no amulet)
HPRegen 0.14/turn                (no ring)
MPRegen 0.11/turn                (no ring)

@: very slow
A: AC +1, large, see invisible, deformed body, poison resistance, slowness 2,
spit poison 1, naga tail 1
a: Spit Poison


You were on level 3 of the Dungeon.
You visited 1 branch of the dungeon, and saw 3 of its levels.

You collected 121 gold pieces.

Inventory:

Hand Weapons
 b - a +1 dagger of venom (weapon)
Armour
 d - a +0 leather armour (worn)
 f - a +0 robe
Magical Staves
 a - a staff of conjuration
Wands
 i - a wand of light (5)
Scrolls
 c - a scroll of teleportation {unknown}
 g - a scroll of noise {unknown}
 j - a scroll of fear {unknown}
Potions
 e - a potion of magic


   Skills:
 + Level 1.2 Fighting
 - Level 0.6 Short Blades
 + Level 0.4 Staves
 + Level 0.5 Armour
 + Level 2.0 Dodging
 + Level 4.2 Stealth
 * Level 2.4 Spellcasting
 * Level 1.2 Conjurations
 - Level 1.8 Transmutations
 * Level 3.7 Earth Magic
 + Level 0.1 Evocations


You had 2 spell levels left.
You knew the following spells:

 Your Spells              Type           Power      Damage    Failure   Level
a - Sandblast             Erth           26%        2d8       6%          1
b - Passwall              Tmut/Erth      8%         N/A       13%         2
c - Stone Arrow           Conj/Erth      20%        3d8       28%         3

Your spell library contained the following spells:

 Spells                   Type           Power      Damage    Failure   Level
 Petrify                  Tmut/Erth      10%        N/A       65%         4


Dungeon Overview and Level Annotations

Branches:
Dungeon (3/15)

Altars:
Nemelex Xobeh

Shops:
D:1 =


Innate Abilities, Weirdness & Mutations

Your serpentine skin is tough. (AC +1)
You have supernaturally acute eyesight. (SInv)
Armour fits poorly on your strangely shaped body.
Your system is resistant to poisons. (rPois)
You cover ground very slowly.
You can spit poison.
You have a snake-like lower body.


Message History

Aiming: Sandblast (safe; 6% risk of failure)
Press: ? - help, Q - select action, (/) - cycle Shift-Dir - straight line, f - orc
Aim: an orc, wielding a +0 flail (82% to hit)
You miscast Sandblast.
You are very lightly contaminated with residual magic.
Nothing appears to happen.
The orc closely misses you.
Aiming: Sandblast (safe; 6% risk of failure)
Press: ? - help, Q - select action, (/) - cycle Shift-Dir - straight line, f/p - orc
Aim: an orc, wielding a +0 flail (82% to hit)
The blast of sand hits the orc!
You kill the orc!
The orc hits you with a +0 morningstar!
Aiming: Sandblast (safe; 6% risk of failure)
Press: ? - help, Q - select action, (/) - cycle Shift-Dir - straight line, f - orc
Aim: an orc, wielding a +0 morningstar (82% to hit)
The blast of sand misses the orc.
The orc closely misses you.
You hit the orc.
The orc is lightly wounded.
The orc hits you with a +0 morningstar!
* * * LOW HITPOINT WARNING * * *
It was a potion of cancellation.
You feel magically purged.
Your magical contamination has completely faded away.
The orc barely misses you.
Your +1 dagger of venom begins to drip with poison!
b - a +1 dagger of venom (weapon)
The orc barely misses you.
You hit the orc.
The orc is moderately wounded.
The orc hits you with a +0 morningstar.
* * * LOW HITPOINT WARNING * * *
You closely miss the orc.
The orc is moderately wounded.
The orc hits you with a +0 morningstar.
* * * LOW HITPOINT WARNING * * *
You closely miss the orc.
The orc is moderately wounded.
The orc hits you with a +0 morningstar!
You die...

.##.# . ... ###.##...
... [....... #. #.#
.##.##.# # #. #.#
.#...#.####.#.##)# #
...............#.##.#
.......#.# #...)...#
######
.........#####.#o#
♣....##
............##.#@#
♣♣♣♣♣♣.♣..
.(.......##.##.#.#
♣♣.♣♣♣♣♣.♣.
.........##......#
♣.♣♣...♣♣..
#.....##.......###
#.♣♣_.♣...♣.♣.
##...###.#######
..♣♣♣♣.♣♣)♣...
######...#
......♣♣.♣♣♣.♣♣.. ###
#...#
#......♣.♣.)♣♣..# ..#
#...#
####.....♣♣♣♣♣♣..♣.#
#.# #...#
#........♣..♣ ♣♣.♣##


You could see an orc.

Vanquished Creatures
  2 orc wizards (D:3)
  4 adders
  2 worms (D:2)
  A dart slug (D:1)
  5 orcs (D:3)
  5 ball pythons
  3 endoplasms
  A giant cockroach (D:3)
  5 goblins
  4 hobgoblins
  4 jackals (D:3)
  4 kobolds
  A quokka (D:1)
  9 bats
  4 frilled lizards
  5 rats
59 creatures vanquished.

Vanquished Creatures (others)
  An orc (D:3)
1 creature vanquished.

Grand Total: 60 creatures vanquished

Notes
Turn   | Place    | Note
-------+----------+-------------------------------------------
     0 | D:1      | KennySheep the Naga Earth Elementalist began the quest for
                  | the Orb.
     0 | D:1      | Reached XP level 1. HP: 15/15 MP: 3/3
   394 | D:1      | Reached XP level 2. HP: 14/22 MP: 0/5
   916 | D:1      | Learned a level 2 spell: Passwall
  1217 | D:1      | Found Guraschi's Jewellery Emporium.
  1369 | D:2      | Reached XP level 3. HP: 30/30 MP: 6/6
  1786 | D:2      | Learned a level 3 spell: Stone Arrow
  2018 | D:2      | Reached skill level 4 in Stealth
  2018 | D:2      | Reached XP level 4. HP: 37/37 MP: 5/7
  2177 | D:3      | Reached skill level 1 in Fighting
  2201 | D:3      | Found a faded altar of an unknown god.
  2542 | D:3      | Reached XP level 5. HP: 34/44 MP: 0/8
  2741 | D:3      | Reached skill level 1 in Conjurations
  2797 | D:3      | Found a sparkling altar of Nemelex Xobeh.
  2855 | D:3      | Slain by an orc

Illustrated notes

Levels and vault maps discovered:
D:1:      minmay_arrival_hallway, layout_basic, serial_shops, shop,
          minmay_misc_feat_ornament
D:2:      layout_basic
D:3:      layout_loops_cross, nemelex_diamond_rough_becter,
          chequers_ecumenical_altar_grove

Skill      XL: |  1  2  3  4  5 |
---------------+----------------+-----
Stealth        | 4 |  4.2
Fighting       | 1 |  1.2
Conjurations   | 1 |  1.2
Dodging        | 2 |  2.0
Short Blades   | |  0.6
Staves         | |  0.4
Armour         | |  0.5
Spellcasting   | |  2.4
Transmutations | |  1.8
Earth Magic    | |  3.7
Evocations     | |  0.1

Action                   |  1- 3 |  4- 6 || total
-------------------------+-------+-------++-------
Melee: Unarmed           |    17 |       ||    17
       Dagger            |    38 |     3 ||    41
       Punch             |     1 |       ||     1
       Staff             |       |    10 ||    10
 Cast: Sandblast         |    28 |    43 ||    71
  Use: Potion            |       |     3 ||     3
 Stab: Sleeping          |     3 |       ||     3
       Invisible         |       |     1 ||     1
Armor: Leather armour    |    10 |     6 ||    16
Dodge: Dodged            |    30 |    28 ||    58

Table legend: (Time is in decaauts)
 A = Elapsed time spent in this place.
 B = Non-inter-level travel time spent in this place.
 C = Inter-level travel time spent in this place.
 D = Time resting spent in this place.
 E = Time spent auto-exploring this place.
 F = Levels seen in this place.
 G = Mean time per level.
                   A        B        C        D        E       F      G
               +--------+--------+--------+--------+--------+-----+--------+
         Total |   3377 |   3331 |     46 |    861 |   1994 |   3 | 1125.7 |
       Dungeon |   3377 |   3331 |     46 |    861 |   1994 |   3 | 1125.7 |
               +--------+--------+--------+--------+--------+-----+--------+

Top non-repeatable levels by time:
     D:1: 1509 daAuts
     D:2: 1020 daAuts
     D:3: 847 daAuts
